 Dungeon Crawl Stone Soup version 0.22-a0-866-geee5034 (webtiles) character file.

12940 Amnesiac the Eclecticist (level 11, -8/81 HPs)
             Began as a Mummy Wizard on July 28, 2018.
             Was a High Priest of Vehumet.
             Hit by a large rock thrown by a cyclops (35 damage)
             ... on level 11 of the Dungeon.
             The game lasted 00:46:29 (13151 turns).

Amnesiac the Eclecticist (Mummy Wizard)            Turns: 13151, Time: 00:46:29

Health: -8/81      AC: 10    Str: 12    XL:     11   Next: 69%
Magic:  28/33      EV: 17    Int: 20    God:    Vehumet [*****.]
Gold:   887        SH:  0    Dex: 10    Spells: 23/46 levels left

rFire    + . .     SeeInvis .   b - +2 whip (elec)
rCold    + + +     Gourm    .   (no shield)
rNeg     + + +     Faith    .   j - +2 robe {rC+ rF+}
rPois    ∞         Spirit   .   n - +2 helmet
rElec    .         Reflect  .   F - scarf {rC+ rF+}
rCorr    .         Harm     .   c - +2 pair of gloves
MR       ++...                  (no boots)
Stlth    ++........             o - amulet of magic regeneration
HPRegen  0.23/turn              D - +2 ring of evasion
MPRegen  0.48/turn              E - ring of protection from magic

@: no status effects
A: no food or potions, fire vulnerability, cold resistance 1, negative energy
resistance 3, torment resistance, unbreathing
a: Renounce Religion


You were on level 11 of the Dungeon.
You worshipped Vehumet.
Vehumet was extremely pleased with you.
You were not hungry.

You visited 2 branches of the dungeon, and saw 12 of its levels.
You also visited: Sewer.

You collected 887 gold pieces.

Inventory:

Hand Weapons
 a - a +0 fustibalus of freezing
 b - a +2 whip of electrocution (weapon)
 w - a +0 blowgun
 H - a +1 dagger of venom
 I - a +0 blowgun
Missiles
 i - 419 stones (quivered)
 l - 80 sling bullets
 u - 45 poisoned needles
 K - 14 curare-tipped needles
Armour
 c - a +2 pair of gloves (worn)
 f - a +2 troll leather armour {Snorg}
 h - the cursed +0 buckler of Kiasm {Slay+3}
   (You found it on level 9 of the Dungeon)

   It affects your accuracy and damage with ranged weapons and melee attacks
   (+3).
   It has a curse placed upon it.
 j - a +2 robe of resistance (worn)
 n - a +2 helmet (worn)
 F - a scarf of resistance (worn)
Jewellery
 e - an uncursed ring of teleportation
 o - an amulet of magic regeneration (around neck)
 q - an uncursed amulet of faith
 D - a +2 ring of evasion (left hand)
 E - a ring of protection from magic (right hand)
 G - an uncursed ring of see invisible
Wands
 p - a wand of scattershot (5)
 t - a wand of paralysis (13)
 y - a wand of iceblast (2)
 z - a wand of acid (6)
 A - a wand of disintegration (10)
 B - a wand of digging (11)
Scrolls
 d - a scroll of fog {!r}
 g - 5 scrolls of remove curse {!r}
 k - a scroll of enchant weapon {!r}
 m - 3 scrolls of fear {!r}
 r - a scroll of amnesia {!r}
 s - a scroll of blinking {!r}
 v - a scroll of magic mapping {!r}
 x - 2 scrolls of teleportation {!r}
 C - a scroll of identify {!r}


   Skills:
 - Level 6.0 Fighting
 - Level 6.7 Dodging
 - Level 1.5 Stealth
 + Level 0.7 Shields
 - Level 18.0 Spellcasting
 - Level 0.7 Conjurations
 - Level 0.7 Summonings
 - Level 0.7 Translocations


You had 23 spell levels left.
You knew the following spells:

 Your Spells              Type           Power        Failure   Level  Hunger
a - Magic Dart            Conj           ###.         1%          1    N/A
b - Iskenderun's Battles  Conj/Chrm      ###.....     19%         5    N/A
c - Call Imp              Summ           ###.....     3%          2    N/A
d - Summon Lightning Spi  Summ/Air       ###.....     26%         4    N/A
e - Mephitic Cloud        Conj/Pois/Air  ###.....     2%          3    N/A
s - Conjure Flame         Conj/Fire      ###.....     2%          3    N/A
v - Blink                 Tloc           N/A          3%          2    N/A
w - Spectral Weapon       Hex/Chrm       ###.....     9%          3    N/A

Your spell library contained the following spells:

 Spells                   Type           Power        Failure   Level  Hunger
 Apportation              Tloc           ###...       2%          1    N/A
 Slow                     Hex            ###.....     4%          2    N/A
 Invisibility             Hex            ###.....     99%         6    N/A
 Summon Small Mammal      Summ           ###.         2%          1    N/A
 Iskenderun's Mystic Bla  Conj           ###.....     6%          4    N/A
 Summon Ice Beast         Ice/Summ       ###.....     26%         4    N/A
 Regeneration             Chrm/Necr      ###.......   9%          3    N/A
 Tukima's Dance           Hex            ###.....     9%          3    N/A
 Summon Demon             Summ           ###.......   54%         5    N/A
 Recall                   Summ/Tloc      N/A          7%          3    N/A
 Shadow Creatures         Summ           N/A          98%         6    N/A
 Call Canine Familiar     Summ           ###.....     7%          3    N/A
 Summon Butterflies       Summ           ###.....     2%          1    N/A
 Alistair's Intoxication  Tmut/Pois      ###.....     63%         5    N/A
 Shroud of Golubria       Chrm/Tloc      ###.......   4%          2    N/A
 Aura of Abjuration       Summ           ###.......   54%         5    N/A
 Fulminant Prism          Conj/Hex       ###.......   7%          4    N/A
 Dazzling Spray           Conj/Hex       ###...       2%          3    N/A
 Force Lance              Conj/Tloc      ###.....     6%          4    N/A
 Infusion                 Chrm           ###.         3%          1    N/A
 Song of Slaying          Chrm           ###.....     4%          2    N/A
 Searing Ray              Conj           ###...       1%          2    N/A
 Summon Forest            Summ/Tloc      ###.......   54%         5    N/A
 Summon Guardian Golem    Hex/Summ       ###.....     8%          3    N/A
 Summon Mana Viper        Hex/Summ       ###.....     58%         5    N/A
 Lesser Beckoning         Tloc           ###.......   7%          3    N/A

Dungeon Overview and Level Annotations

Branches:
Dungeon (11/15)            Temple (1/1) D:4            Lair (0/6) D:11
    Orc (0/2) D:9

Altars:
Ashenzari
Cheibriados
Dithmenos
Elyvilon
Fedhas
Gozag
Hepliaklqana
Kikubaaqudgha
Makhleb
Nemelex Xobeh
Okawaru
Qazlal
Ru
Sif Muna
Trog
Uskayaw
Vehumet
Wu Jian
Xom
Yredelemnul
Zin
The Shining One
Jiyva

Shops:
D:6 *   D:9 *

Annotations:
D:5 1 exclusion
D:9 exclusion: gargoyle
D:11 exclusion: oklob plant


Innate Abilities, Weirdness & Mutations

You do not eat or drink.
Your flesh is vulnerable to fire.
You are immune to poison.
Your flesh is cold resistant. (rC+)
You are immune to negative energy. (rN+++)
You are immune to unholy pain and torment.
You can survive without breathing.


Message History

Press: ? - help, Shift-Dir - straight line, f - cyclops
Aim: a cyclops The ball explodes into a vile cloud!
The stinking cloud engulfs the cyclops.
You hear a shout!
Unknown command.
The cyclops is engulfed in noxious fumes.
The cyclops appears confused.
Casting: Mephitic Cloud (safe; 2% risk of failure)
Confirm with . or Enter, or press ? or * to list all spells.
Aiming: Mephitic Cloud (safe; 2% risk of failure)
Press: ? - help, Shift-Dir - straight line, f/p - cyclops
Aim: a cyclops (lightly wounded, confused)
The ball explodes into a vile cloud!
The stinking cloud engulfs the cyclops.
The cyclops is lightly wounded.
The cyclops is engulfed in noxious fumes.
The cyclops appears confused.
Unknown command.
You see here a large rock.
The cyclops is engulfed in noxious fumes.
A centaur warrior comes into view.
The centaur warrior wields a shortbow.
The centaur warrior shoots an arrow.
The arrow hits you!
The cyclops says, "I'm a little confused."
The cyclops hits you!!
* * * LOW HITPOINT WARNING * * *
Casting: Mephitic Cloud (safe; 2% risk of failure)
Confirm with . or Enter, or press ? or * to list all spells.
Aiming: Mephitic Cloud (safe; 2% risk of failure)
Press: ? - help, Shift-Dir - straight line, p - cyclops The ball explodes into a vile cloud!
The stinking cloud engulfs the cyclops.
The cyclops is lightly wounded.
The stinking cloud engulfs the centaur warrior.
The cyclops is engulfed in noxious fumes.
Casting: Mephitic Cloud (safe; 2% risk of failure)
Confirm with . or Enter, or press ? or * to list all spells.
Aiming: Mephitic Cloud (safe; 2% risk of failure)
Press: ? - help, Shift-Dir - straight line, f - centaur warrior
Aim: a centaur warrior, wielding a shortbow The ball explodes into a vile cloud!
The stinking cloud engulfs the centaur warrior.
The stinking cloud engulfs you!
The stinking cloud engulfs the cyclops.
The cyclops is lightly wounded.
The centaur warrior is engulfed in noxious fumes.
The centaur warrior misses you.
You hit the centaur warrior but do no damage.
The centaur warrior is engulfed in noxious fumes.
The centaur warrior appears confused.
The centaur warrior drinks a potion.
The centaur warrior is healed!
The centaur warrior seems less confused.
The centaur warrior is engulfed in noxious fumes.
The centaur warrior appears confused.
You hit the centaur warrior but do no damage.
Lightning courses through the centaur warrior!
The centaur warrior is moderately wounded.
The centaur warrior is engulfed in noxious fumes.
The centaur warrior laughs at nothing.
You hit the centaur warrior.
The centaur warrior is moderately wounded.
The centaur warrior is engulfed in noxious fumes.
The centaur warrior appears confused.
The centaur warrior hits you with a shortbow!
* * * LOW HITPOINT WARNING * * *
The cyclops throws a large rock.
The large rock hits you!!
You die...

#......(.......##. #
#...##.........##. #.
#...##..###....... #.
#...##............
#..#...##..#......###
#..#...##..#.#.#..###
#.......(..#.#.#.....
##.##...........# ...
#....@c.......####....
#..##.§...............
#...C§..##............
#.......##.##...#....#
#........... ...#.....
##......##..#(........
#.##.... ..........#
#. ...... ......... #
####... .........


You could see a centaur warrior (confused) and a cyclops.

Vanquished Creatures
  Snorg (D:11)
  Harold (D:9)
  A two-headed ogre (D:9)
  Sonja (D:11)
  The ghost of Anon1729 the Firebug, a novice OpFE (D:5)
  4 centaur zombies
  3 kobold demonologists (D:11)
  A troll (D:10)
  2 hornets
  2 queen bees
  2 hippogriffs
  The ghost of lurker the Ruffian, an amateur TrWr (D:3)
  2 hungry ghosts
  7 yaks
  A basilisk (D:11)
  A steam dragon (D:10)
  A two-headed ogre skeleton (D:7)
  3 sky beasts
  3 ice beasts
  4 orc warriors
  A black bear (D:9)
  4 ogres
  An elf skeleton (D:8)
  6 centaurs
  A big kobold (D:11)
  8 bullfrogs
  2 hippogriff zombies
  2 wyvern zombies
  A hippogriff skeleton (D:7)
  33 killer bees
  3 scorpions
  A yak skeleton (D:3)
  4 wights (D:9)
  2 howler monkeys (D:8)
  3 bullfrog zombies
  5 crimson imps
  2 hounds
  3 quasits
  A jelly (D:6)
  15 orc wizards
  4 orc priests
  4 bullfrog skeletons
  2 centaur skeletons (D:7)
  2 iguanas
  4 worker ants
  An ogre zombie (D:4)
  A crocodile zombie (D:7)
  2 hound zombies
  2 ogre skeletons
  2 hound skeletons
  Robin (D:3)
  2 howler monkey zombies (D:11)
  A worker ant zombie (D:7)
  3 gnolls (D:9)
  16 adders
  2 shadow imps
  6 oozes (Sewer)
  2 adder skeletons (D:5)
  An adder zombie (D:8)
  An iguana skeleton (D:3)
  An orc skeleton (D:3)
  3 worms
  12 leopard geckos
  22 orcs
  A bat skeleton (D:3)
  17 giant cockroaches
  20 goblins
  6 hobgoblins
  7 jackals
  5 quokkas
  17 ball pythons
  3 bats
  14 frilled lizards
  2 frilled lizard skeletons
  A frilled lizard zombie (D:8)
  A gnoll skeleton (D:6)
  A jackal skeleton (D:5)
  3 jackal zombies
  13 kobolds
  A kobold zombie (D:3)
  2 leopard gecko skeletons
  A leopard gecko zombie (D:4)
  4 orc zombies
  A quokka skeleton (D:7)
  A quokka zombie (D:8)
  17 rats
  A rat zombie (D:3)
  A plant (D:2)
377 creatures vanquished.

Vanquished Creatures (collateral kills)
  An ogre (D:4)
  9 killer bees
  A wight (D:9)
11 creatures vanquished.

Vanquished Creatures (others)
  5 killer bees
  An iguana (D:4)
  An orc (D:8)
  A withered plant (D:3)
8 creatures vanquished.

Grand Total: 396 creatures vanquished

Notes
Turn   | Place    | Note
-------+----------+-------------------------------------------
     0 | D:1      | Amnesiac the Mummy Wizard began the quest for the Orb.
     0 | D:1      | Reached XP level 1. HP: 13/13 MP: 5/5
   667 | D:2      | Found a bloodstained altar of Trog.
   667 | D:2      | Found a burning altar of Makhleb.
   668 | D:2      | Found an ornate altar of the Wu Jian Council.
   673 | D:2      | Reached XP level 2. HP: 17/20 MP: 1/7
   696 | D:2      | Learned a level 2 spell: Blink
   699 | D:2      | Learned a level 2 spell: Call Imp
   876 | D:4      | Reached skill level 1 in Fighting
   876 | D:4      | Reached XP level 3. HP: 8/26 MP: 0/8
   886 | D:4      | Learned a level 3 spell: Conjure Flame
  1467 | D:4      | Reached XP level 4. HP: 14/32 MP: 7/10
  1472 | D:4      | Learned a level 3 spell: Mephitic Cloud
  1628 | D:4      | Noticed an ogre
  1657 | D:4      | Killed an ogre
  1657 | D:4      | Reached skill level 5 in Spellcasting
  1657 | D:4      | Reached XP level 5. HP: 38/38 MP: 1/12
  1995 | D:3      | Found a faded altar of an unknown god.
  2383 | D:4      | Reached XP level 6. HP: 46/46 MP: 10/14
  2547 | D:4      | Found a staircase to the Ecumenical Temple.
  2677 | Temple   | Entered the Ecumenical Temple
  2804 | Temple   | Became a worshipper of Kikubaaqudgha
  2929 | D:2      | Found a radiant altar of Vehumet.
  2949 | D:2      | Fell from the grace of Kikubaaqudgha
  2949 | D:2      | Became a worshipper of Vehumet
  4171 | D:3      | Reached * piety under Vehumet
  4171 | D:3      | Offered knowledge of Sting by Vehumet.
  4474 | D:3      | Reached skill level 5 in Dodging
  4474 | D:3      | Reached XP level 7. HP: 52/52 MP: 8/15
  4615 | D:3      | Found a runed door.
  4615 | D:3      | Noticed lurker's ghost (amateur TrWr)
  5006 | D:3      | Noticed Robin
  5042 | D:3      | Killed Robin
  5307 | D:4      | Found a shadowy altar of Dithmenos.
  5309 | D:4      | Found a glowing golden altar of the Shining One.
  5309 | D:4      | Found a shimmering altar of Xom.
  5311 | D:4      | Found a sparkling altar of Nemelex Xobeh.
  5311 | D:4      | Found a shattered altar of Ashenzari.
  5311 | D:4      | Found a snail-covered altar of Cheibriados.
  5540 | D:5      | Entered Level 5 of the Dungeon
  5616 | D:5      | Found a hide-covered altar of Uskayaw.
  5736 | D:5      | Found a runed door.
  5736 | D:5      | Noticed Anon1729's ghost (novice OpFE)
  5865 | D:5      | Reached ** piety under Vehumet
  6051 | D:5      | Offered knowledge of Flame Tongue by Vehumet.
  6071 | D:5      | Found a glowing drain.
  6079 | Sewer    | Entered a sewer
  6244 | Sewer    | Offered knowledge of Inner Flame by Vehumet.
  6363 | Sewer    | Reached *** piety under Vehumet
  6466 | Sewer    | Reached skill level 6 in Spellcasting
  6466 | Sewer    | Reached XP level 8. HP: 56/58 MP: 2/17
  6687 | D:5      | Found a bloodstained altar of Trog.
  6989 | D:5      | Killed Anon1729's ghost
  6989 | D:5      | Reached skill level 8 in Spellcasting
  7057 | D:6      | Offered knowledge of Ignite Poison by Vehumet.
  7314 | D:6      | Found a shadowy altar of Dithmenos.
  7328 | D:6      | Reached skill level 5 in Fighting
  7328 | D:6      | Reached skill level 9 in Spellcasting
  7431 | D:6      | Found Zin's Purification Station.
  7434 | D:6      | Found a glowing silver altar of Zin.
  7604 | D:6      | Reached XP level 9. HP: 68/68 MP: 22/22
  7881 | D:3      | Killed lurker's ghost
  8057 | D:7      | Reached skill level 10 in Spellcasting
  8093 | D:7      | Noticed a reaper
  8703 | D:7      | Reached **** piety under Vehumet
  8907 | D:7      | Reached skill level 11 in Spellcasting
  9113 | D:8      | Offered knowledge of Iskenderun's Battlesphere by Vehumet.
  9174 | D:8      | Learned a level 5 spell: Iskenderun's Battlesphere
  9186 | D:8      | Was forgiven by Kikubaaqudgha
  9532 | D:8      | Reached skill level 12 in Spellcasting
  9583 | D:8      | Noticed a queen bee
  9610 | D:8      | Killed a queen bee
  9610 | D:8      | Reached XP level 10. HP: 68/76 MP: 26/26
  9624 | D:8      | Reached skill level 13 in Spellcasting
  9696 | D:8      | Found an opulent altar of Gozag.
  9726 | D:8      | Reached ***** piety under Vehumet
  9776 | D:8      | Offered knowledge of Lightning Bolt by Vehumet.
  9848 | D:8      | Found a shadowy altar of Dithmenos.
  9850 | D:8      | Found a sacrificial altar of Ru.
  9853 | D:8      | Found a sparkling altar of Nemelex Xobeh.
  9853 | D:8      | Found a deep blue altar of Sif Muna.
 10252 | D:8      | Learned a level 4 spell: Summon Lightning Spire
 10265 | D:9      | Reached skill level 14 in Spellcasting
 10327 | D:9      | Learned a level 3 spell: Spectral Weapon
 10391 | D:9      | Found Eairghaga's Eclectic Emporium.
 10397 | D:9      | Noticed a two-headed ogre
 10422 | D:9      | Killed a two-headed ogre
 10706 | D:9      | Got a faintly glowing buckler
 10781 | D:9      | Reached skill level 15 in Spellcasting
 10933 | D:9      | Noticed Harold
 11007 | D:9      | Killed Harold
 11022 | D:9      | Reached XP level 11. HP: 35/81 MP: 28/30
 11437 | D:9      | Found a staircase to the Orcish Mines.
 11471 | D:10     | Entered Level 10 of the Dungeon
 11636 | D:10     | Reached skill level 16 in Spellcasting
 11883 | D:10     | Found a sacrificial altar of Ru.
 12526 | D:11     | Noticed a soul eater
 12532 | D:11     | Reached skill level 17 in Spellcasting
 12580 | D:11     | Noticed Sonja
 12611 | D:11     | Killed Sonja
 13030 | D:11     | Noticed Snorg
 13053 | D:11     | Killed Snorg
 13053 | D:11     | Reached skill level 18 in Spellcasting
 13112 | D:11     | Noticed an oklob plant
 13113 | D:11     | Found a staircase to the Lair.
 13115 | D:11     | Identified the cursed +0 buckler of Kiasm {Slay+3} (You found it on level 9 of the Dungeon)
 13143 | D:11     | Noticed a centaur warrior
 13151 | D:11     | Hit by a large rock thrown by a cyclops

Vault maps used:
D:1:      eino_arrival_water_cross
D:2:      gammafunk_temple_overflow_claw, vehumet_crystals,
          lexackson_kobold_supper
D:3:      kennysheep_goblin_castle, first_ration,
          chequers_ecumenical_altar_simple, gammafunk_ghost_grave
D:4:      minmay_temple_entry_trees, minmay_misc_feat_nine_boxes,
          doesnt_xom_only_xom
D:5:      kennysheep_little_box, portal_sewer_entry_e,
          hellmonk_ghost_happy_afterlife, trog_wizard
D:6:      zin_purify, minmay_misc_feat_encased, nicolae_dithmenos_shadow_blocks
D:8:      grunt_temple_overflow_open, david_nohive_1
D:9:      orc_0_dummy, hangedman_glass_teeth, nicolae_alphabet_shops,
          kennysheep_decorative_pillar, uniq_harold
D:10:     nicolae_ru_sacrificial_ziggurat
D:11:     dpeg_oklobed_lair, uniq_snorg, uniq_sonja
Temple:   pf_slimified_temple
Sewer:    sewer_frog_island_02

Skill      XL: |  1  2  3  4  5  6  7  8  9 10 11 |
---------------+----------------------------------+-----
Dodging        | 2 3 5 6 |  6.7
Fighting       | 1 2 3 5 6 |  6.0
Spellcasting   | 5 6 9 12 15 18 | 18.0
Stealth        | |  1.5
Shields        | |  0.7
Conjurations   | |  0.7
Summonings     | |  0.7
Translocations | |  0.7

Action                   |  1- 3 |  4- 6 |  7- 9 | 10-12 || total
-------------------------+-------+-------+-------+-------++-------
Melee: Hand axe          |     3 |    45 |       |       ||    48
       Unarmed           |     2 |       |       |       ||     2
       Whip              |       |       |   322 |   328 ||   650
 Fire: Hunting sling     |    30 |   136 |    26 |       ||   192
 Cast: Magic Dart        |    44 |   111 |   360 |   117 ||   632
       Call Imp          |     5 |     6 |       |       ||    11
       Mephitic Cloud    |       |    14 |    23 |    53 ||    90
       Conjure Flame     |       |     2 |    29 |    26 ||    57
       Blink             |       |     2 |     3 |     4 ||     9
       Summon Lightning  |       |       |       |     1 ||     1
Evoke: Wand              |       |       |       |     4 ||     4
  Use: Scroll            |       |     7 |     9 |     4 ||    20
 Stab: Sleeping          |       |       |     2 |       ||     2
       Confused          |       |       |     8 |    15 ||    23
Armor: Robe              |    16 |    48 |   129 |   104 ||   297
Dodge: Dodged            |    34 |    96 |   383 |   325 ||   838

Table legend:
 A = Spawn XP
 B = Non-spawn XP
 C = Spawn XP percentage of total XP
 D = Spawn monster count
 E = Non-spawn monster count
 F = Spawn count percentage of total count
 G = Total turns spent on level
                    A         B        C        D         E        F      G
               +---------+---------+-------+---------+---------+-------+---------
         Total |       0 |   18487 |   0.0 |       0 |     357 |   0.0 | 13151
               +---------+---------+-------+---------+---------+-------+---------
           D:1 |       0 |      13 |   0.0 |       0 |       9 |   0.0 |   718
           D:2 |       0 |     140 |   0.0 |       0 |      24 |   0.0 |  1316
           D:3 |       0 |     566 |   0.0 |       0 |      48 |   0.0 |  1488
           D:4 |       0 |     433 |   0.0 |       0 |      22 |   0.0 |  2052
           D:5 |       0 |     959 |   0.0 |       0 |      23 |   0.0 |  1138
           D:6 |       0 |     860 |   0.0 |       0 |      14 |   0.0 |   811
           D:7 |       0 |     930 |   0.0 |       0 |      17 |   0.0 |   939
           D:8 |       0 |    3096 |   0.0 |       0 |      63 |   0.0 |  1335
           D:9 |       0 |    3916 |   0.0 |       0 |      49 |   0.0 |  1105
          D:10 |       0 |    2038 |   0.0 |       0 |      11 |   0.0 |   852
          D:11 |       0 |    5220 |   0.0 |       0 |      29 |   0.0 |   828
         Sewer |       0 |     316 |   0.0 |       0 |      48 |   0.0 |   428
               +---------+---------+-------+---------+---------+-------+---------
